 Dungeon Sprint DCSS version 0.26-a0-708-g17f3b190f9 (webtiles) character file.

Game seed: 12559919302585278328

29059 mhtbhm the Shatterer (level 13, -4/149 HPs)
             Began as a Troll Berserker on Oct 29, 2020.
             Was the Champion of Trog.
             Slain by an entropy weaver (17 damage)
             ... in the Dungeon (Sprint IX: "|||||||||||||||||||||||||||||").
             The game lasted 00:07:30 (2985 turns).

mhtbhm the Shatterer (Troll Berserker)              Turns: 2985, Time: 00:07:31

Health: -4/149     AC: -1    Str: 32    XL:     13   Next: 13%
Magic:  12/12      EV: 18    Int:  3    God:    Trog [******]
Gold:   591        SH:  0    Dex: 10    Spells: 12/12 levels left

rFire    . . .     SeeInvis .   a - +7 giant club of Nuosil {flame, rPois rC+ Dex+3}
rCold    + . .     Faith    .   (shield currently unavailable)
rNeg     . . .     Spirit   .   b - +0 swamp dragon scales
rPois    +         Reflect  .   (helmet restricted)
rElec    .         Harm     .   A - +1 cloak {MR+}
rCorr    .         Rampage  .   (gloves unavailable)
MR       +....     NoTele   +   (boots unavailable)
Stlth    ++........             (no amulet)
HPRegen  0.74/turn              l - +2 ring of evasion
MPRegen  0.13/turn              m - +2 ring of evasion

@: corroded, berserk cooldown, slowed, very slow
A: large, unfitting armour, claws 3, blink, clumsy 1, regeneration 1, shaggy fur
1, tough skin 3
a: Blink, Berserk, Trog's Hand, Brothers in Arms, Renounce Religion


You were in the Dungeon.
You worshipped Trog.
Trog was exalted by your worship.
You visited 1 branch You collected 1926 gold pieces.
You spent 1335 gold pieces at shops.

Inventory:

Hand Weapons
 a - the +7 giant club of Nuosil (weapon) {flame, rPois rC+ Dex+3}
   (Trog gifted it to you in the Dungeon)

   It has been specially enchanted to burn those struck by it, causing extra
   injury to most foes and up to half again as much damage against particularly
   susceptible opponents.
   It affects your dexterity (+3).
   It protects you from cold.
   It protects you from poison.
 E - a +12 vorpal giant club
Missiles
 n - 3 throwing nets (quivered)
 y - 8 curare-tipped darts
Armour
 b - +0 swamp dragon scales (worn)
 A - a +1 cloak of magic resistance (worn)
 B - a +1 tower shield
Jewellery
 l - a +2 ring of evasion (left claw)
 m - a +2 ring of evasion (right claw)
 C - an uncursed ring of protection from magic
 D - an uncursed ring of protection from magic
Wands
 k - a wand of iceblast (4)
 z - a wand of enslavement (5)
Scrolls
 h - 3 scrolls of blinking
 j - 3 scrolls of remove curse
 o - 12 scrolls of identify
 p - 9 scrolls of fog
 r - a scroll of magic mapping
 s - a scroll of enchant weapon
 v - 3 scrolls of fear
 w - a scroll of summoning
Potions
 c - 9 potions of curing
 d - 6 potions of heal wounds
 e - 2 potions of haste
 f - 4 potions of magic
 g - 2 potions of berserk rage
 i - a potion of invisibility
 t - 3 potions of might
 u - a potion of resistance
 x - a potion of mutation


   Skills:
 + Level 15.1 Fighting
 + Level 21.0 Maces & Flails
 + Level 5.0 Armour
 + Level 12.9 Dodging
 + Level 3.5 Stealth
 + Level 2.6 Evocations


You had 12 spell levels left.
You didn't know any spells.
Your spell library was empty.

Dungeon Overview and Level Annotations

Branches:
Dungeon (1/1)

Altars:
Cheibriados
Dithmenos
Elyvilon
Fedhas
Gozag
Hepliaklqana
Kikubaaqudgha
Makhleb
Nemelex Xobeh
Okawaru
Qazlal
Ru
Sif Muna
Trog
Uskayaw
Vehumet
Wu Jian
Xom
Yredelemnul
Zin
The Shining One
Beogh
Jiyva
Lugonu

Shops:
D !!??


Innate Abilities, Weirdness & Mutations

You are too large for most types of armour.
You have claws for hands.
Your natural rate of healing is unusually fast.
You are covered in fur. (AC +1)
You have extremely tough skin. (AC +3)
You can translocate small distances at will.
You are clumsy. (Dex -2)


Message History

* * * LOW HITPOINT WARNING * * *
The jumping spider leaps!
You hit the entropy weaver but do no damage.
The entropy weaver is almost dead.
The entropy weaver hits you!
* * * LOW HITPOINT WARNING * * *
The entropy weaver misses you. The entropy weaver hits you.
* * * LOW HITPOINT WARNING * * *
The entropy weaver hits you!
* * * LOW HITPOINT WARNING * * *
The jumping spider leaps!
Unknown command.
You hit the entropy weaver. You burn the entropy weaver.
The entropy weaver is almost dead.
The entropy weaver points at you and mumbles some strange words.
The entropic weave corrodes you!
The jumping spider leaps!
The entropy weaver hits you.
* * * LOW HITPOINT WARNING * * *
The entropy weaver hits you!
You die...

▓▓▓▓▓▓▓▓▓▓▓▓▓▓▓▓▓▓▓▓▓▓▓▓
))(....)†)s..°.†@Bss...s
▓▓▓▓▓▓▓▓▓▓▓▓▓▓▓▓▓▓▓▓▓▓▓▓▓▓▓♣♣♣♣♣♣
.................................
▓▓▓▓▓▓▓▓▓▓▓▓▓▓▓▓▓▓▓▓▓▓▓▓▓▓▓▓▓▓▓▓▓
))))).[)..[)[[.).()...(.÷(÷..(...
▓▓▓▓▓▓▓▓▓▓▓▓▓▓▓▓▓▓▓▓▓▓▓▓▓▓▓▓▓▓▓▓▓
..)..............................
▓▓▓▓▓▓▓▓▓▓▓▓▓▓▓▓▓▓▓▓▓▓▓▓▓▓▓▓▓▓▓▓▓
.)))...))).)).).......')))))∩.∩.∩


You could see an entropy weaver, 2 orb spiders, a jumping spider and a redback.

Vanquished Creatures
  2 very ugly things (D)
  An ettin (D)
  Harold (D)
  2 hydras (D)
  A centaur warrior (D)
  An anaconda (D)
  A death yak (D)
  A satyr (D)
  Sonja (D)
  A naga sharpshooter (D)
  6 orc high priests (D)
  2 sea snakes (D)
  6 orc knights (D)
  A mana viper (D)
  2 cyclopes (D)
  An ugly thing (D)
  A wolf spider (D)
  An orb spider (D)
  2 manticores (D)
  3 black mambas (D)
  A naga mage (D)
  Joseph (D)
  A water nymph (D)
  3 cane toads (D)
  3 komodo dragons (D)
  A polar bear (D)
  A jumping spider (D)
  A troll (D)
  A blink frog (D)
  A snapping turtle (D)
  A shadow (D)
  A tarantella (D)
  3 yaks (D)
  2 water elementals (D)
  A wraith (D)
  A wyvern (D)
  3 wargs (D)
  2 nagas (D)
  2 hell hounds (D)
  3 water moccasins (D)
  8 orc warriors (D)
  A sky beast (D)
  An ice beast (D)
  3 wolves (D)
  A big kobold (D)
  2 bullfrogs (D)
  A killer bee (D)
  4 orc priests (D)
  An iguana (D)
  3 orc wizards (D)
  2 adders (D)
  An ufetubus (D)
  An adder zombie (D)
  2 adder skeletons (D)
  A dart slug (D)
  A leopard gecko (D)
  3 orcs (D)
  A kobold (D)
  A ball python zombie (D)
  A frilled lizard (D)
  2 goblins (D)
111 creatures vanquished.

Vanquished Creatures (collateral kills)
  A vampire knight (D)
  An orc high priest (D)
  2 orc knights (D)
  A wizard (D)
  A yaktaur (D)
  A wind drake (shapeshifter) (D)
  A soldier ant (D)
  4 orc warriors (D)
  2 orc wizards (D)
  A ball python zombie (D)
15 creatures vanquished.

Grand Total: 126 creatures vanquished

Notes
Turn   | Place    | Note
-------+----------+-------------------------------------------
     0 | D        | mhtbhm the Troll Berserker began the quest for the Orb.
     0 | D        | Reached XP level 1. HP: 22/22 MP: 0/0
     7 | D        | Reached skill level 3 in Maces & Flails
    10 | D        | Reached ** piety under Trog
    22 | D        | Reached XP level 2. HP: 25/31 MP: 1/1
    38 | D        | Reached skill level 4 in Maces & Flails
    41 | D        | Reached *** piety under Trog
    41 | D        | Reached XP level 3. HP: 39/39 MP: 2/2
    42 | D        | Reached skill level 5 in Maces & Flails
   172 | D        | Found a roughly hewn altar of Beogh.
   172 | D        | Found a snail-covered altar of Cheibriados.
   172 | D        | Found a shadowy altar of Dithmenos.
   172 | D        | Found a white marble altar of Elyvilon.
   172 | D        | Found a blossoming altar of Fedhas.
   172 | D        | Found an opulent altar of Gozag.
   173 | D        | Found a hazy altar of Hepliaklqana.
   174 | D        | Found a viscous altar of Jiyva.
   175 | D        | Found an ancient bone altar of Kikubaaqudgha.
   176 | D        | Found a corrupted altar of Lugonu.
   177 | D        | Found a burning altar of Makhleb.
   178 | D        | Found a sparkling altar of Nemelex Xobeh.
   179 | D        | Found an iron altar of Okawaru.
   180 | D        | Found a stormy altar of Qazlal.
   181 | D        | Found a sacrificial altar of Ru.
   182 | D        | Found a shimmering blue altar of Sif Muna.
   183 | D        | Found a bloodstained altar of Trog.
   184 | D        | Found a hide-covered altar of Uskayaw.
   185 | D        | Found a radiant altar of Vehumet.
   186 | D        | Found an ornate altar of the Wu Jian Council.
   187 | D        | Found a shimmering altar of Xom.
   188 | D        | Found a basalt altar of Yredelemnul.
   189 | D        | Found a glowing silver altar of Zin.
   190 | D        | Found a glowing golden altar of the Shining One.
   225 | D        | Noticed a yak
   225 | D        | Noticed a killer bee
   225 | D        | Noticed an orc warrior
   225 | D        | Noticed a sky beast
   225 | D        | Noticed a big kobold
   229 | D        | Killed a yak
   229 | D        | Reached **** piety under Trog
   229 | D        | Reached skill level 5 in Fighting
   229 | D        | Reached skill level 7 in Maces & Flails
   229 | D        | Reached skill level 5 in Dodging
   229 | D        | Reached XP level 4. HP: 52/52 MP: 3/3
   229 | D        | Reached XP level 5. HP: 59/59 MP: 4/4
   230 | D        | Reached skill level 8 in Maces & Flails
   233 | D        | Killed an orc warrior
   233 | D        | Reached skill level 9 in Maces & Flails
   233 | D        | Reached XP level 6. HP: 68/68 MP: 5/5
   312 | D        | Killed a sky beast
   318 | D        | Reached ***** piety under Trog
   508 | D        | Noticed a centaur warrior
   508 | D        | Noticed an ice beast
   508 | D        | Noticed a troll
   515 | D        | Killed a centaur warrior
   515 | D        | Reached skill level 11 in Maces & Flails
   515 | D        | Reached XP level 7. HP: 79/79 MP: 6/6
   515 | D        | Reached XP level 8. HP: 88/88 MP: 7/7
   524 | D        | Killed a troll
   524 | D        | Received a gift from Trog
   524 | D        | Reached skill level 12 in Maces & Flails
   647 | D        | Gained mutation: You are clumsy. (Dex -2) [potion of
                  | mutation]
   647 | D        | Gained mutation: You can translocate small distances at
                  | will. [potion of mutation]
   648 | D        | Noticed a komodo dragon
   648 | D        | Noticed a cane toad
   648 | D        | Noticed a cane toad
   652 | D        | Killed a komodo dragon
   654 | D        | Noticed a cane toad
   656 | D        | Killed a cane toad
   656 | D        | Reached skill level 13 in Maces & Flails
   656 | D        | Reached skill level 1 in Stealth
   656 | D        | Reached XP level 9. HP: 97/97 MP: 8/8
   661 | D        | Killed a cane toad
   661 | D        | Reached skill level 10 in Dodging
   662 | D        | Received a gift from Trog
   667 | D        | Killed a cane toad
   667 | D        | Reached skill level 14 in Maces & Flails
   726 | D        | Noticed a death yak
   726 | D        | Noticed a komodo dragon
   726 | D        | Noticed a seven-headed hydra
   728 | D        | Noticed a five-headed hydra
   730 | D        | Killed a death yak
   730 | D        | Reached ****** piety under Trog
   732 | D        | Reached XP level 10. HP: 109/109 MP: 9/9
   739 | D        | Killed a seven-headed hydra
   739 | D        | Received a gift from Trog
   739 | D        | Reached skill level 10 in Fighting
   739 | D        | Reached skill level 15 in Maces & Flails
   741 | D        | Killed a five-headed hydra
   805 | D        | Reached skill level 16 in Maces & Flails
   818 | D        | Received a gift from Trog
   825 | D        | Got an ebony great mace {god gift}
   826 | D        | Identified the +3 great mace of Division {flame, Dex+4}
                  | (Trog gifted it to you in the Dungeon)
   867 | D        | Noticed Harold
   876 | D        | Killed Harold
   876 | D        | Reached XP level 11. HP: 116/120 MP: 10/10
   925 | D        | Noticed Joseph
   934 | D        | Killed Joseph
  1089 | D        | Received a gift from Trog
  1105 | D        | Reached skill level 17 in Maces & Flails
  1108 | D        | Received a gift from Trog
  1169 | D        | Noticed an orc knight
  1169 | D        | Noticed an orc knight
  1176 | D        | Killed an orc knight
  1186 | D        | Killed an orc knight
  1189 | D        | Received a gift from Trog
  1202 | D        | Received a gift from Trog
  1410 | D        | Found Aschem's Distillery.
  1410 | D        | Noticed an orc high priest
  1410 | D        | Noticed an orc knight
  1410 | D        | Noticed an orc high priest
  1410 | D        | Noticed an orc high priest
  1410 | D        | Noticed an orc knight
  1411 | D        | Noticed an orc knight
  1418 | D        | Killed an orc high priest
  1419 | D        | Found Xathutsa's Distillery.
  1419 | D        | Noticed an orc knight
  1422 | D        | Killed an orc knight
  1422 | D        | Reached skill level 18 in Maces & Flails
  1425 | D        | Killed an orc high priest
  1426 | D        | Found Loquepil's Magic Scroll Emporium.
  1426 | D        | Noticed an orc high priest
  1430 | D        | Killed an orc high priest
  1431 | D        | Noticed an orc knight
  1433 | D        | Killed an orc knight
  1433 | D        | Received a gift from Trog
  1434 | D        | Found Kouh's Magic Scroll Shoppe.
  1434 | D        | Noticed a soul eater
  1438 | D        | Killed an orc knight
  1442 | D        | Killed an orc knight
  1443 | D        | Noticed an orc high priest
  1450 | D        | Killed an orc high priest
  1464 | D        | Killed an orc knight
  1492 | D        | Killed an orc high priest
  1492 | D        | Reached skill level 19 in Maces & Flails
  1492 | D        | Noticed an orc high priest
  1500 | D        | Noticed a sun demon
  1500 | D        | Noticed a sixfirhy
  1507 | D        | Killed an orc high priest
  1507 | D        | Received a gift from Trog
  1526 | D        | Noticed an orc knight
  1535 | D        | Killed an orc knight
  1535 | D        | Reached XP level 12. HP: 41/133 MP: 11/11
  1831 | D        | Noticed an orc high priest
  1840 | D        | Killed an orc high priest
  1875 | D        | Bought a scroll of blinking for 97 gold pieces
  1879 | D        | Bought a scroll of magic mapping for 45 gold pieces
  1881 | D        | Bought a scroll of enchant weapon for 97 gold pieces
  1887 | D        | Bought a potion of heal wounds for 55 gold pieces
  1887 | D        | Bought a potion of curing for 33 gold pieces
  1887 | D        | Bought a potion of curing for 33 gold pieces
  1887 | D        | Bought a potion of curing for 33 gold pieces
  1887 | D        | Bought a potion of haste for 110 gold pieces
  1889 | D        | Bought a potion of might for 40 gold pieces
  1889 | D        | Bought a potion of curing for 30 gold pieces
  1889 | D        | Bought a potion of resistance for 100 gold pieces
  1889 | D        | Bought a potion of heal wounds for 50 gold pieces
  1893 | D        | Bought a scroll of fog for 26 gold pieces
  1893 | D        | Bought a scroll of identify for 26 gold pieces
  1893 | D        | Bought a scroll of fog for 26 gold pieces
  1893 | D        | Bought a scroll of fog for 26 gold pieces
  1893 | D        | Bought a scroll of identify for 26 gold pieces
  1893 | D        | Bought a scroll of identify for 26 gold pieces
  1893 | D        | Bought a scroll of identify for 26 gold pieces
  1893 | D        | Bought a scroll of identify for 26 gold pieces
  1895 | D        | Bought a scroll of identify for 26 gold pieces
  1895 | D        | Bought a scroll of fear for 45 gold pieces
  1895 | D        | Bought a scroll of summoning for 123 gold pieces
  1895 | D        | Bought a scroll of identify for 26 gold pieces
  1895 | D        | Bought a scroll of identify for 26 gold pieces
  1895 | D        | Bought a scroll of identify for 26 gold pieces
  1895 | D        | Bought a scroll of identify for 26 gold pieces
  1895 | D        | Bought a scroll of fog for 26 gold pieces
  1903 | D        | Bought a potion of mutation for 80 gold pieces
  1975 | D        | Noticed Sonja
  1986 | D        | Killed Sonja
  2226 | D        | Noticed an ettin
  2229 | D        | Noticed a cyan very ugly thing
  2244 | D        | Noticed a vampire knight
  2249 | D        | Killed a cyan very ugly thing
  2249 | D        | Reached skill level 20 in Maces & Flails
  2258 | D        | Received a gift from Trog
  2267 | D        | Killed an ettin
  2267 | D        | Reached skill level 1 in Armour
  2267 | D        | Reached skill level 1 in Evocations
  2272 | D        | HP: 4/137 [something (21)]
  2278 | D        | Killed a vampire knight
  2305 | D        | Received a gift from Trog
  2464 | D        | Got a scorched giant club {god gift}
  2465 | D        | Identified the +7 giant club of Nuosil {flame, rPois rC+
                  | Dex+3} (Trog gifted it to you in the Dungeon)
  2618 | D        | Noticed a red very ugly thing
  2625 | D        | Killed a red very ugly thing
  2759 | D        | Noticed an anaconda
  2766 | D        | Killed an anaconda
  2778 | D        | Received a gift from Trog
  2846 | D        | Noticed a satyr
  2859 | D        | Reached XP level 13. HP: 148/148 MP: 10/12
  2905 | D        | Received a gift from Trog
  2916 | D        | Reached skill level 15 in Fighting
  2958 | D        | Noticed an entropy weaver
  2965 | D        | Received a gift from Trog
  2965 | D        | Reached skill level 21 in Maces & Flails
  2976 | D        | Reached skill level 5 in Armour
  2985 | D        | Slain by an entropy weaver

Illustrated notes

Levels and vault maps discovered:
D:        linesprint [early_d, line_temple, items_1, d_10, items_2, lair_1,
          lair_end, items_3, orc_1, orc_end, items_4, d_15, swamp_1, shoals_1,
          snake_1, spider_1, d_20, vaults_1, items_5, swamp_end, shoals_end,
          snake_end, spider_end, vaults_end, d_27, items_6, zot_1, zot_end,
          crypt_end, forest_end, elf_end, slime_end, tomb_end, abyss_end,
          pan_hell_end]

Skill      XL: |  1  2  3  4  5  6  7  8  9 10 11 12 13 |
---------------+----------------------------------------+-----
Maces & Flails | 3 4 7 9 11 13 14 16 19 20 21 | 21.0
Fighting       | 3 5 6 7 8 9 11 12 14 15 | 15.1
Dodging        | 3 5 6 8 9 10 11 12 | 12.9
Stealth        | 1 3 |  3.5
Armour         | 4 5 |  5.0
Evocations     | 2 |  2.6

Action                   |  1- 3 |  4- 6 |  7- 9 | 10-12 | 13-15 || total
-------------------------+-------+-------+-------+-------+-------++-------
Melee: Mace              |    28 |       |       |       |       ||    28
       Dire flail        |     3 |    39 |     9 |       |       ||    51
       Giant club        |       |       |    23 |   189 |    27 ||   239
Invok: Berserk           |     2 |     2 |     2 |     8 |     1 ||    15
       Brothers in Arms  |       |       |       |     5 |       ||     5
 Abil: Blink             |       |       |       |     2 |       ||     2
Evoke: Wand              |       |       |       |     6 |       ||     6
  Use: Potion            |       |       |     1 |     5 |     1 ||     7
       Scroll            |       |       |       |     1 |       ||     1
Armor: Animal skin       |     6 |    19 |     4 |     6 |       ||    35
       Swamp dragon scal |       |       |       |    15 |    13 ||    28
Dodge: Dodged            |    17 |    90 |    14 |    78 |    27 ||   226

Table legend: (Time is in decaauts)
 A = Elapsed time spent in this place.
 B = Non-inter-level travel time spent in this place.
 C = Inter-level travel time spent in this place.
 D = Time resting spent in this place.
 E = Time spent auto-exploring this place.
 F = Levels seen in this place.
 G = Mean time per level.
                   A        B        C        D        E       F      G
               +--------+--------+--------+--------+--------+-----+--------+
         Total |   3021 |   3021 |      0 |   1321 |    314 |   1 | 3021.0 |
       Dungeon |   3021 |   3021 |      0 |   1321 |    314 |   1 | 3021.0 |
               +--------+--------+--------+--------+--------+-----+--------+

Top non-repeatable levels by time:
       D: 3021 daAuts
